 Dungeon Crawl Stone Soup version 0.20.0-3-g22ec75f (webtiles) character file.

133 GordonOverkill the Cutter (level 5, -9/48 HPs)
             Began as a Kobold Berserker on May 27, 2017.
             Was a Believer of Trog.
             Mangled by Pikel
             ... wielding a +0 whip of flaming
              (10 damage)
             ... on level 4 of the Dungeon.
             The game lasted 00:04:46 (3271 turns).

GordonOverkill the Cutter (Kobold Berserker)        Turns: 3271, Time: 00:04:47

Health: -9/48      AC:  3    Str: 20    XL:     5   Next: 39%
Magic:  5/5        EV: 13    Int:  8    God:    Trog [**....]
Gold:   15         SH:  0    Dex: 15    Spells: 4/4 levels left

rFire    . . .     SeeInvis .   a - +0 short sword
rCold    . . .     Gourm    .   (shield restricted)
rNeg     . . .     Faith    .   b - +0 animal skin
rPois    .         Spirit   .   (no helmet)
rElec    .         Reflect  .   (no cloak)
rCorr    .         Harm     .   o - +0 pair of gloves
MR       +....                  (no boots)
Stlth    ..........             (no amulet)
Regen    0.2/turn               l - -2 ring of evasion (curse)
MPRegen  0.1/turn               n - ring of protection from magic

@: berserking (expiring), very quick
A: carnivore 3
a: Berserk, Trog's Hand, Burn Spellbooks, Renounce Religion


You were on level 4 of the Dungeon.
You worshipped Trog.
Trog was pleased with you.
You were very full.

You visited 1 branch of the dungeon, and saw 4 of its levels.

You collected 148 gold pieces.
You spent 133 gold pieces at shops.

Inventory:

Hand Weapons
 a - a +0 short sword (weapon)
Armour
 b - a +0 animal skin (worn)
 o - a +0 pair of gloves (worn)
Jewellery
 l - a cursed -2 ring of evasion (left hand)
 n - a ring of protection from magic (right hand)
Scrolls
 d - 2 scrolls of fog
 e - a scroll of noise
 f - 2 scrolls of teleportation
 g - 2 scrolls of blinking
 i - 5 scrolls of remove curse {unknown}
 k - 2 scrolls of identify
 q - a scroll of immolation {unknown}
Potions
 h - a potion of resistance
 j - a potion of curing {unknown}
 m - a potion of ambrosia {unknown}
Comestibles
 c - 3 meat rations
 p - a chunk of flesh


   Skills:
 - Level 3.2 Fighting
 + Level 7.5 Short Blades
 - Level 1.5 Armour
 - Level 2.4 Dodging


You had 4 spell levels left.
You didn't know any spells.

Dungeon Overview and Level Annotations

Branches:
Dungeon (4/15)
 Temple: D:4-7

Altars:

Shops:
D:4 ?

Annotations:
D:4 Menkaure, Pikel


Innate Abilities, Weirdness & Mutations

You are small and have problems with some larger weapons.
You are carnivorous and can eat meat at any time.


Message History

You kill the slave!
That felt strangely unrewarding.
You closely miss Pikel. You hit Pikel but do no damage.
Pikel hits you with a whip of flaming!
* * * LOW HITPOINT WARNING * * *
Pikel burns you.
* * * LOW HITPOINT WARNING * * *
You hit Pikel.
Pikel is lightly wounded.
You closely miss Pikel.
Pikel is lightly wounded.
Pikel closely misses you.
You barely miss Pikel. You closely miss Pikel. Pikel closely misses you.
You hit Pikel.
Pikel is lightly wounded.
You puncture Pikel!
Pikel is heavily wounded.
Pikel hits you with a whip of flaming!
You die...

#...........##
#............# .
#....p...###..# ..
........#####.# .#.
................
........###..####.##.
#..>.### ##.......(#
.......###.....####
.......@Kpp##..#
.......###...#..#
....... .........
....... ###........#
....... ##......#
....... #.#....
....... ......
....... #.


You could see Pikel and 2 slaves.

Vanquished Creatures
  2 slaves (D:4)
  9 adders
  2 worms (D:2)
  A dart slug (D:2)
  A leopard gecko (D:4)
  5 giant cockroaches
  6 hobgoblins
  2 jackals (D:1)
  2 kobolds (D:1)
  A quokka (D:3)
  A ball python (D:1)
  4 bats
  3 frilled lizards (D:1)
  6 goblins
  4 rats
49 creatures vanquished.

Notes
Turn   | Place    | Note
-------+----------+-------------------------------------------
     0 | D:1      | GordonOverkill the Kobold Berserker began the quest for the Orb.
     0 | D:1      | Reached XP level 1. HP: 14/14 MP: 1/1
   103 | D:1      | Reached XP level 2. HP: 19/19 MP: 2/2
   298 | D:1      | Reached skill level 5 in Short Blades
  1035 | D:2      | Reached XP level 3. HP: 23/23 MP: 3/3
  1224 | D:2      | Reached ** piety under Trog
  1305 | D:2      | Reached skill level 6 in Short Blades
  1305 | D:2      | Reached XP level 4. HP: 18/28 MP: 4/4
  2581 | D:3      | Reached skill level 7 in Short Blades
  2581 | D:3      | Reached XP level 5. HP: 32/32 MP: 5/5
  3161 | D:4      | Found Zogon's Magic Scroll Boutique.
  3163 | D:4      | Bought a scroll of blinking for 105 gold pieces
  3163 | D:4      | Bought a scroll of identify for 28 gold pieces
  3175 | D:4      | Noticed Menkaure
  3231 | D:4      | Noticed a slave
  3245 | D:4      | Noticed a slave
  3247 | D:4      | Noticed a slave
  3250 | D:4      | Noticed Pikel
  3257 | D:4      | Noticed a slave
  3259 | D:4      | Killed a slave
  3263 | D:4      | Killed a slave
  3265 | D:4      | HP: 2/48 [Pikel/whip of flaming (10)]
  3271 | D:4      | Mangled by Pikel

Skill      XL: |  1  2  3  4 |
---------------+-------------+-----
Short Blades   | 5 6 7 |  7.5
Fighting       | |  3.2
Armour         | |  1.5
Dodging        | |  2.4

Action                   |  1- 3 |  4- 6 || total
-------------------------+-------+-------++-------
Melee: Short sword       |    79 |    99 ||   178
Invok: Berserk           |     4 |     6 ||    10
  Use: Scroll            |       |     4 ||     4
 Stab: Sleeping          |     3 |     2 ||     5
  Eat: Chunk             |    12 |    12 ||    24
Armor: Animal skin       |     3 |    14 ||    17
Dodge: Dodged            |    57 |    32 ||    89
